 Dungeon Crawl Stone Soup version 0.30-a0-165-g1891117ce2 (webtiles) character file.

Game seed: 16930744133878021111

35 blackman the Vexing (level 3, -2/26 HPs)
             Began as a Human Wanderer on Sept 28, 2022.
             Slain by Sigmund
             ... wielding a +1 scythe of flaming
              (5 damage)
             ... on level 2 of the Dungeon.
             The game lasted 00:03:10 (2183 turns).

blackman the Vexing (Human Wanderer)                Turns: 2183, Time: 00:03:11

Health: -2/26      AC:  3    Str: 16    XL:     3   Next: 52%
Magic:  4/4        EV: 12    Int: 10    God:
Gold:   102        SH:  0    Dex: 18    Spells: 3/4 levels left

rFire   . . .      SeeInvis .    a - +0 spear
rCold   . . .      Faith    .    (no shield)
rNeg    . . .      Spirit   .    d - +0 robe
rPois   .          Reflect  .    (no helmet)
rElec   .          Harm     .    (no cloak)
rCorr   .          Rampage  .    b - +0 pair of gloves
Will    .....                    (no boots)
Stlth   ++........               (no amulet)
HPRegen 0.08/turn                j - +6 ring of strength
MPRegen 0.09/turn                (no ring)

@: no status effects
A: no striking features
a: no special abilities


You were on level 2 of the Dungeon.
You visited 1 branch of the dungeon, and saw 2 of its levels.

You collected 102 gold pieces.

Inventory:

Hand Weapons
 a - a +0 spear (weapon)
Missiles
 g - a throwing net
Armour
 b - a +0 pair of gloves (worn)
 d - a +0 robe (worn)
 m - a +0 plate armour
Jewellery
 j - a +6 ring of strength (left hand)
Scrolls
 e - 2 scrolls of teleportation {unknown}
 h - 3 scrolls of identify {unknown}
 i - a scroll of silence {unknown}
 k - a scroll of poison {unknown}
 l - a scroll of enchant weapon {unknown}
 n - a scroll of noise {unknown}
Potions
 c - a potion of brilliance
 f - a potion of degeneration {unknown}
 o - a potion of flight {unknown}
 p - a potion of might {unknown}


   Skills:
 - Level 1.0 Fighting
 - Level 2.0 Polearms
 - Level 2.0 Dodging
 - Level 1.0 Spellcasting
 + Level 4.3 Hexes
 - Level 1.0 Invocations


You had 3 spell levels left.
You knew the following spells:

 Your Spells              Type           Power      Damage    Failure   Level
a - Slow                  Hex            36%        N/A       6%          1

Your spell library contained the following spells:

 Spells                   Type           Power      Damage    Failure   Level
 Dazzling Flash           Conj/Hex       8%         N/A       38%         3
 Ozocubu's Armour         Ice            0%         N/A       71%         3
 Anguish                  Hex/Necr       2%         N/A       80%         4
 Metabolic Englaciation   Hex/Ice        2%         N/A       98%         5
 Simulacrum               Ice/Necr       0%         N/A       100%        6


Dungeon Overview and Level Annotations

Branches:
Dungeon (2/15)

Altars:
Fedhas

Annotations:
D:2 Sigmund


Message History

Sigmund hits you from afar with a +1 scythe of flaming.
Sigmund burns you.
You reach to attack!
You closely miss Sigmund.
Sigmund is moderately wounded.
You reach to attack!
You hit Sigmund.
Sigmund is heavily wounded.
Sigmund hits you but does no damage.
You reach to attack!
You hit Sigmund.
Sigmund is heavily wounded.
You reach to attack!
You hit Sigmund but do no damage.
Sigmund is heavily wounded.
You reach to attack!
You closely miss Sigmund.
Sigmund is heavily wounded.
Sigmund is no longer moving slowly.
Sigmund barely misses you.
You reach to attack!
You closely miss Sigmund.
Sigmund is heavily wounded.
Sigmund mumbles some strange words.
Sigmund flickers and vanishes!
Deactivating autopickup; reactivate with Ctrl-A.
No target in view!
No target in view!
No target in view!
No target in view!
No target in view!
No target in view!
No target in view!
No target in view!
Reach: a) +0 spear
Press: ? - help, Dir - move target You reach to attack!
You closely miss something. Something hits you. Something burns you.
Reach: a) +0 spear
Press: ? - help, Dir - move target You reach to attack!
You miss something.
Reach: a) +0 spear
Press: ? - help, Dir - move target You reach to attack!
You barely miss something. Something hits you!
* * * LOW HITPOINT WARNING * * *
Something burns you.
You die...

#....###..# #.# #....#
##.## #.# # #....#
#..####.# # #....#
#.......# #### #....#
#.##...### #... ######
#.##.#[..# ##.## ###
#.##.###.# #..#
#...###.##.# #.###.##
#..{'@..##.###>....###
#...######............
#.. #####.####### ##
#.# # #.# #


There were no monsters in sight!

Vanquished Creatures
  An adder (D:2)
  A dart slug (D:1)
  3 endoplasms (D:1)
  4 giant cockroaches
  2 hobgoblins (D:1)
  3 kobolds (D:1)
  2 bats (D:1)
  2 frilled lizards (D:1)
  2 goblins (D:1)
  3 rats
23 creatures vanquished.

Notes
Turn   | Place    | Note
-------+----------+-------------------------------------------
     0 | D:1      | blackman the Human Wanderer began the quest for the Orb.
     0 | D:1      | blackman set off with the following items: a +0 spear, a +0
                  | pair of gloves, a potion of brilliance, a +0 robe; and the
                  | following spell memorised: Slow; and the following spells
                  | available to memorise: Dazzling Flash, Anguish.
     0 | D:1      | Reached XP level 1. HP: 15/15 MP: 2/2
   259 | D:1      | Reached XP level 2. HP: 21/21 MP: 3/3
   961 | D:1      | Reached skill level 4 in Hexes
   961 | D:1      | Reached XP level 3. HP: 17/26 MP: 4/4
  1434 | D:2      | Found a blossoming altar of Fedhas.
  1590 | D:2      | HP: 1/26 [poisoned by an adder]
  2166 | D:2      | Noticed Sigmund
  2183 | D:2      | Slain by Sigmund

Illustrated notes

Levels and vault maps discovered:
D:1:      dpeg_arrival_round_b, layout_loops_corners
D:2:      layout_basic, basic_altar, uniq_sigmund

Skill      XL: |  1  2 |
---------------+-------+-----
Hexes          | 4 |  4.3
Fighting       | |  1.0
Polearms       | |  2.0
Dodging        | |  2.0
Spellcasting   | |  1.0
Invocations    | |  1.0

Action                   || total
-------------------------++-------
Melee: Spear             ||   113
 Cast: Slow              ||     5
 Stab: Sleeping          ||     3
Armor: Robe              ||    13
Dodge: Dodged            ||    45

Table legend: (Time is in decaauts)
 A = Elapsed time spent in this place.
 B = Non-inter-level travel time spent in this place.
 C = Inter-level travel time spent in this place.
 D = Time resting spent in this place.
 E = Time spent auto-exploring this place.
 F = Levels seen in this place.
 G = Mean time per level.
                   A        B        C        D        E       F      G
               +--------+--------+--------+--------+--------+-----+--------+
         Total |   2182 |   2091 |     91 |    410 |   1476 |   2 | 1091.0 |
       Dungeon |   2182 |   2091 |     91 |    410 |   1476 |   2 | 1091.0 |
               +--------+--------+--------+--------+--------+-----+--------+

Top non-repeatable levels by time:
     D:1: 1422 daAuts
     D:2: 759 daAuts
